AoeStats
← La Gorda 22

Arena

506497234Analyzed
4v4 RM · 19d ago on Sep 13, 2026· 44m 40s· 8 players
Game mode
Random Map
Map size
Large (8 player)
Population
200
Speed
Normal
Resources
Standard
Victory
Conquest
Starting age
Dark Age
Ending age
Imperial Age
RankedLock teamsTeams togetherTeam positionsShared explorationLock speedFull tech treeHidden civsTurbo modeCheats
Victory
Defeat
🇫🇷 Malians · France
985
+14
🇨🇿 Persians · Czechia
975
+15
🇰🇷 Jurchens · South Korea
941
+26
🇨🇿 Goths · Czechia
917
+17
🇹🇷 Celts · Türkiye
962
-16
🇨🇴 Persians · Colombia
961
-16
🇧🇷 Teutons · Brazil
941
-15
🇹🇷 Bohemians · Türkiye
935
-15
La Gorda 22
10:28 Feudal Age
17:21 Castle Age
15:25 Double-Bit Axe
15:56 Loom
16:46 Wheelbarrow
18:33 Horse Collar
18:56 Gold Mining
21:17 Bloodlines
21:07 Husbandry
22:24 Gold Shaft Mining
22:00 Heavy Plow
25:15 Bow Saw
25:44 Gold Shaft Mining
25:13 Scale Mail Armor
25:28 Forging
25:34 Scale Barding Armor
29:55 Chain Barding Armor
30:18 Iron Casting
33:43 Imperial Age
31:51 Ballistics
31:43 Murder Holes
32:04 Masonry
33:17 Hand Cart
32:48 Town Watch
34:18 Citadels
34:34 Conscription
33:50 Heavy Camel Rider
36:38 Hoardings
39:05 Blast Furnace
38:50 Plate Barding Armor
40:11 Chemistry
39:42 Architecture
Karabasan
0:28 Loom
11:25 Feudal Age
18:02 Castle Age
27:37 Chemistry
Delii
0:27 Loom
18:49 Feudal Age
21:24 Wheelbarrow
20:46 Double-Bit Axe
20:53 Gold Mining
20:53 Stone Mining
20:45 Horse Collar
24:05 Castle Age
25:09 Bow Saw
25:36 Gold Shaft Mining
25:37 Stone Shaft Mining
25:03 Heavy Plow
25:20 Hand Cart
30:32 Imperial Age
31:22 Careening
AGOFEM
11:18 Feudal Age
16:06 Castle Age
14:02 Horse Collar
14:10 Double-Bit Axe
15:52 Wheelbarrow
17:34 Bow Saw
17:27 Heavy Plow
30:20 Imperial Age
27:53 Loom
28:23 Gold Mining
28:50 Caravan
29:19 Hand Cart
29:37 Scale Barding Armor
29:42 Forging
30:33 Bloodlines
30:49 Cavalier
32:11 Paladin
34:11 Two-Man Saw
33:44 Crop Rotation
35:30 Iron Casting
35:39 Town Watch
36:58 Chemistry
36:19 Ballistics
38:30 Chain Barding Armor
42:16 Coinage
41:49 Scale Mail Armor
41:17 Elite Teutonic Knight
madness
12:22 Feudal Age
15:57 Castle Age
13:43 Double-Bit Axe
15:46 Wheelbarrow
17:00 Bow Saw
17:09 Horse Collar
24:16 Hand Cart
26:04 Loom
26:05 Town Watch
27:00 Forging
26:51 Scale Mail Armor
27:16 Gold Mining
31:38 Imperial Age
29:45 Iron Casting
29:27 Chain Mail Armor
29:33 Heavy Plow
29:38 Town Patrol
30:42 Anarchy
31:12 Squires
31:42 Elite Huskarl
32:23 Perfusion
32:44 Conscription
33:28 Blast Furnace
34:48 Pikeman
36:55 Pikeman
37:19 Halberdier
43:38 Two-Man Saw
43:10 Crop Rotation
明君
12:01 Feudal Age
17:04 Castle Age
15:31 Stone Mining
15:33 Double-Bit Axe
25:09 Gold Mining
26:14 Horse Collar
28:03 Bow Saw
29:58 Gold Shaft Mining
30:39 Loom
30:58 Heavy Plow
33:56 Imperial Age
32:47 Wheelbarrow
31:59 Town Watch
33:59 Hand Cart
33:45 Town Patrol
34:57 Forging
34:52 Scale Barding Armor
35:44 Thunderclap Bombs
36:01 Elite Iron Pagoda
38:03 Iron Casting
38:25 Crop Rotation
38:57 Two-Man Saw
38:20 Siege Engineers
39:57 Fortified Wall
Deadshot
11:11 Feudal Age
12:33 Loom
15:13 Castle Age
13:11 Double-Bit Axe
13:09 Horse Collar
16:24 Bow Saw
16:16 Heavy Plow
20:46 Gold Mining
21:04 Stone Mining
24:31 Wheelbarrow
24:22 Loom
25:20 Gold Shaft Mining
25:21 Stone Shaft Mining
27:41 Hand Cart
30:10 Imperial Age
28:45 Scale Barding Armor
28:51 Forging
28:32 Fletching
28:49 Town Watch
29:49 Chain Barding Armor
31:17 Iron Casting
31:18 Crop Rotation
31:53 Chemistry
31:04 Masonry
31:09 Town Patrol
31:36 Conscription
31:30 Bloodlines
31:37 Husbandry
31:44 Scale Mail Armor
31:38 Cavalier
33:28 Two-Man Saw
34:37 Blast Furnace
33:51 Pikeman
34:32 Squires
35:11 Plate Barding Armor
34:51 Chain Mail Armor
34:33 Bodkin Arrow
34:47 Halberdier
36:20 Elite War Elephant
37:15 Arson
40:01 Capped Ram
42:59 Kamandaran
Zig
11:01 Feudal Age
13:00 Loom
15:45 Castle Age
37:30 Imperial Age
Connection lost

Rejoining the realm…

Still unreachable

The connection could not be restored.

Session expired

The server has moved on; the page needs a fresh start.